 Dungeon Crawl Stone Soup version 0.22-a0-135-g6f012ad (webtiles) character file.

74591 kuniqs the Thaumaturge (level 15, 0/103 HPs)
             Began as a Gnoll Summoner on Jan 31, 2018.
             Was the Champion of Hepliaklqana.
             Slain by a hell hound (10 damage)
             ... led by Azrael
             ... on level 14 of the Dungeon.
             The game lasted 01:04:37 (20820 turns).

kuniqs the Thaumaturge (Gnoll Summoner)            Turns: 20820, Time: 01:04:37

Health: 0/103      AC:  9    Str: 11    XL:     15   Next: 47%
Magic:  16/39      EV: 20    Int: 31    God:    Hepliaklqana [******]
Gold:   1024       SH:  0    Dex: 16    Spells: 12/36 levels left

rFire    . . .     SeeInvis +   d - +7 battleaxe of Judgement {protect, rPois MP+9 SInv}
rCold    . . .     Gourm    .   (shield currently unavailable)
rNeg     . . .     Faith    .   X - +2 robe {rC+}
rPois    +         Spirit   .   t - +0 helmet
rElec    +         Reflect  .   m - +0 cloak
rCorr    .         Harm     .   r - +0 pair of gloves
MR       ++...                  (no boots)
Stlth    +++++.....             A - amulet of regeneration
HPRegen  0.67/turn              W - ring of protection from magic
MPRegen  0.26/turn              S - ring of Yzoyt {Wiz rElec rC- Int+8}

@: no status effects
A: distributed training, reduced essence, fangs 1, strong nose
a: Recall Ancestor, Ancestor Identity, Transference, Idealise, Renounce Religion


You were on level 14 of the Dungeon.
You worshipped Hepliaklqana.
Hepliaklqana was exalted by your worship.
You were not hungry.

You visited 4 branches of the dungeon, and saw 23 of its levels.
You also visited: Bailey.

You collected 2381 gold pieces.
You spent 1357 gold pieces at shops.

Inventory:

Hand Weapons
 d - the +7 battleaxe of Judgement (weapon) {protect, rPois MP+9 SInv}
   (You found it on level 8 of the Dungeon)

   It protects the one who uses it against injury (+AC on strike).
   It protects you from poison.
   It affects your magic capacity (+9).
   It lets you see invisible.
Missiles
 g - 2 throwing nets (quivered)
Armour
 m - a +0 cloak (worn)
 r - a +0 pair of gloves (worn)
 t - a +0 helmet (worn)
 X - a +2 robe of cold resistance (worn)
Jewellery
 A - an amulet of regeneration (around neck)
 S - the ring of Yzoyt (right hand) {Wiz rElec rC- Int+8}
   (You took it off an orc on level 12 of the Dungeon)

   [ring of wizardry]

   It improves your spell success rate.
   It affects your intelligence (+8).
   It makes you vulnerable to cold.
   It insulates you from electricity.
 W - a ring of protection from magic (left hand)
Wands
 G - a wand of polymorph (38)
 L - a wand of acid (28)
 M - a wand of enslavement (13)
 N - a wand of iceblast (1)
 Q - a wand of flame (30)
 R - a wand of scattershot (7)
Scrolls
 b - 2 scrolls of brand weapon {unknown}
 f - 9 scrolls of identify {@r1}
 k - 6 scrolls of teleportation
 n - a scroll of immolation {unknown}
 p - 3 scrolls of blinking
 q - 3 scrolls of fog
 y - 9 scrolls of remove curse {@r2}
 z - 5 scrolls of enchant armour
 D - 5 scrolls of magic mapping {unknown}
 F - 2 scrolls of amnesia
 J - a scroll of vulnerability {unknown}
 P - 3 scrolls of fear {unknown}
 T - a scroll of silence {unknown}
 V - 2 scrolls of enchant weapon
Potions
 a - 2 potions of magic {unknown}
 e - 2 potions of haste
 h - 2 potions of brilliance
 j - a potion of cancellation
 l - a potion of invisibility
 o - 6 potions of agility
 u - 5 potions of flight
 v - 9 potions of curing {@q1}
 B - 2 potions of ambrosia
 C - 6 potions of heal wounds {unknown}
 E - a potion of lignification {unknown}
 H - 3 potions of mutation {unknown}
 I - 2 potions of berserk rage {unknown}
Miscellaneous
 w - 2 phantom mirrors
 x - a phial of floods
 O - 2 sacks of spiders
Comestibles
 c - 39 rations
 s - 2 chunks of flesh


   Skills:
 + Level 9.9 Fighting
 + Level 9.9 Short Blades
 + Level 9.9 Long Blades
 + Level 9.9 Axes
 + Level 9.9 Maces & Flails
 + Level 9.9 Polearms
 + Level 9.9 Staves
 + Level 9.9 Slings
 + Level 9.9 Bows
 + Level 9.9 Crossbows
 + Level 9.9 Throwing
 + Level 9.9 Armour
 + Level 10.9 Dodging
 + Level 10.7 Stealth
 + Level 9.9 Shields
 + Level 9.9 Unarmed Combat
 + Level 11.0 Spellcasting
 + Level 8.3 Conjurations
 + Level 8.3 Hexes
 + Level 8.3 Charms
 + Level 10.9 Summonings
 + Level 8.3 Necromancy
 + Level 8.3 Translocations
 + Level 8.3 Transmutations
 + Level 8.3 Fire Magic
 + Level 8.3 Ice Magic
 + Level 8.3 Air Magic
 + Level 8.3 Earth Magic
 + Level 8.3 Poison Magic
 + Level 10.7 Invocations
 + Level 9.9 Evocations


You had 12 spell levels left.
You knew the following spells:

 Your Spells              Type           Power        Failure   Level  Hunger
a - Borgnjor's Vile Clut  Necr/Erth      ######....   1%          5    ##.....
b - Call Imp              Summ           ######..     1%          2    None
c - Call Canine Familiar  Summ           ######..     1%          3    None
d - Summon Ice Beast      Ice/Summ       ######..     1%          4    None
e - Summon Lightning Spi  Summ/Air       ######..     1%          4    None
f - Shadow Creatures      Summ           N/A          1%          6    #####..


Dungeon Overview and Level Annotations

Branches:
Dungeon (14/15)            Temple (1/1) D:6            Lair (6/6) D:11
 Shoals (0/4) Lair:3       Spider (0/4) Lair:2        Slime (0/5) Lair:6
    Orc (2/2) D:11            Elf (0/3) Orc:2        Vaults (0/5) D:13

Altars:
Ashenzari
Cheibriados
Dithmenos
Elyvilon
Gozag
Hepliaklqana
Kikubaaqudgha
Makhleb
Nemelex Xobeh
Okawaru
Qazlal
Ru
Uskayaw
Vehumet
Wu Jian
Xom
Yredelemnul
The Shining One
Beogh
Jiyva

Shops:
D:4 (   D:5 *   D:8 }   D:12 [(?*   D:14 =   Orc:2 =**?

Annotations:
D:10 exclusion: obsidian statue
D:14 Azrael


Innate Abilities, Weirdness & Mutations

Your experience applies equally to all skills.
You have very sharp teeth.
Your uncanny sense of smell can sniff out nearby items.
Your life essence is reduced to manifest your ancestor. (-10% HP)


Message History

The fire elemental hits your ice beast.
The fire elemental burns your ice beast!
Your ice beast melts!
Your ice beast dies!
Ingiyab barely misses the hell hound.
The hell hound bites Ingiyab.
Your ice beast hits the hell hound but does no damage.
The hell hound closely misses your ice beast.
Ingiyab points at the hell hound and mumbles some strange words.
The stone arrow hits the hell hound.
The hell hound dies!
A chill wind blows around you. The hell hound barely misses you.
Unknown command.
The hell hound breathes flames at you. The blast of flame hits you!
* * * LOW HITPOINT WARNING * * *
The blast of flame hits your ice beast.
Your ice beast melts!
The blast of flame hits your warg.
The fire elemental hits something.
The fire elemental burns something!
The hell hound bites you!
You die...

...................##
....................#
....................##
.....................#
. #######...#......#
#.## .§
#...###.##.###..#+##.§.
##...#
#.##h#...RY§.§§.§
#....#
#.##Y#...E§§E§...
#.#########@#.....E..#
#.#....(# #h#§.§R....#
#.#.8.8.###EE§§##..###
### #.'..∩..#.'.§..#
.>..# ..#
###.8.8.###....###.....
..# #.....#.......#
...... ..#
#######.......# ......
..# .........# ......
..# #..........#


You could see 2 fire elementals, a hell hound, a friendly warg and a friendly
ice beast.

Vanquished Creatures
  2 orc warlords
  Erolcha (Orc:2)
  A two-headed ogre (D:12)
  Urug (Lair:3)
  2 orc high priests (Orc:2)
  2 unseen horrors
  4 orc sorcerers
  3 orc knights (Orc:2)
  A manticore (Lair:3)
  A deep elf mage (D:13)
  2 elephants
  2 cyclopes
  A black mamba (Lair:2)
  A centaur skeleton (D:12)
  2 komodo dragons
  5 spiny frogs
  A rime drake (Lair:6)
  An efreet (D:14)
  6 polar bears
  2 hornets (Lair:6)
  3 meliai (D:13)
  A dream sheep (Lair:5)
  2 slime creatures (D:14)
  5 hippogriffs
  A shadow (D:11)
  A basilisk (Lair:6)
  4 spriggans (Lair:6)
  A wraith (D:14)
  A wyvern (D:11)
  4 humans (D:13)
  19 yaks
  2 wargs (Orc:1)
  3 vampire mosquitoes (D:13)
  An acid dragon (D:11)
  A steam dragon (D:11)
  A soldier ant (D:9)
  8 water moccasins
  6 porcupines
  A sky beast (Lair:2)
  14 orc warriors
  2 eyes of draining
  A black bear (Lair:6)
  A phantom (D:4)
  An ogre (Orc:2)
  6 boggarts (Lair:6)
  10 wolves
  4 centaurs
  4 crocodiles
  A big kobold (D:11)
  11 bullfrogs
  A wyvern skeleton (D:12)
  5 killer bees
  2 wights
  6 crimson imps
  A bullfrog zombie (D:11)
  A centaur zombie (D:8)
  A jelly (D:5)
  A quasit (D:6)
  8 orc priests
  A bullfrog skeleton (D:12)
  6 hounds
  3 iguanas
  7 orc wizards
  5 worker ants
  3 gnolls (Orc:1)
  A howler monkey skeleton (D:10)
  5 adders
  A shadow imp (D:11)
  An adder zombie (D:9)
  A worm (D:6)
  2 dart slugs
  5 leopard geckos
  30 orcs
  5 ball pythons
  2 giant cockroaches
  4 goblins
  6 jackals (D:4)
  3 quokkas
  7 frilled lizards
  12 kobolds
  A quokka zombie (D:8)
  3 rats
301 creatures vanquished.

Vanquished Creatures (collateral kills)
  Kirke (Lair:5)
  Snorg (D:12)
  An ettin (Orc:1)
  3 vault guards (D:13)
  7 hydras
  5 two-headed ogres
  A centaur warrior (D:13)
  A tengu warrior (D:12)
  3 death yaks (Lair:6)
  Sonja (D:10)
  An orc high priest (Orc:2)
  An unseen horror (D:12)
  Pikel (D:5)
  3 orc knights
  3 necromancers (D:13)
  2 ugly things
  A manticore (D:13)
  2 cyclopes
  An orc sorcerer (Orc:2)
  3 slime creatures (D:14)
  7 elephants
  4 black mambas
  2 centaur skeletons
  2 gargoyles
  6 spiny frogs
  A torpor snail (Lair:6)
  An efreet (D:13)
  2 komodo dragons
  A rime drake (Lair:6)
  3 polar bears (Lair:6)
  5 hornets
  3 meliai (D:13)
  6 trolls
  6 dream sheep (Lair:6)
  4 hippogriffs
  5 blink frogs (Lair:6)
  2 water elementals (D:11)
  2 redbacks (Lair:2)
  11 spriggans
  A wyvern (D:11)
  Sigmund (D:6)
  A fire elemental (D:14)
  14 humans (D:13)
  3 basilisks
  4 hogs (Lair:5)
  30 yaks
  Edmund (D:5)
  4 wargs (Orc:1)
  3 water moccasins
  2 hell hounds (D:14)
  2 porcupines
  3 ice beasts
  A sky beast (D:8)
  A necrophage (D:6)
  24 orc warriors
  An eye of draining (D:14)
  5 black bears
  6 ogres
  2 phantoms
  2 boggarts (Lair:6)
  14 wolves
  3 crocodiles
  4 centaurs
  3 big kobolds
  Blork the orc (D:5)
  10 bullfrogs
  A wyvern skeleton (D:11)
  2 scorpions (D:6)
  15 killer bees
  6 wights
  A howler monkey (D:5)
  8 crimson imps
  A quasit (D:8)
  A bullfrog zombie (D:11)
  2 bullfrog skeletons
  11 orc priests
  9 hounds
  2 jellies
  2 iguanas (D:4)
  12 orc wizards
  8 worker ants
  Robin (D:3)
  2 gnolls (Orc:1)
  6 adders
  2 shadow imps
  2 worms
  3 dart slugs
  2 leopard geckos (D:1)
  43 orcs
  4 giant cockroaches
  25 goblins
  8 hobgoblins
  11 jackals
  12 kobolds
  3 quokkas
  4 ball pythons (D:3)
  8 bats
  4 frilled lizards
  6 rats
  A bush (Lair:4)
489 creatures vanquished.

Vanquished Creatures (others)
  30 battlemagi
  4 ancestors
  4 fungi
  A plant (Lair:6)
39 creatures vanquished.

Grand Total: 829 creatures vanquished

Notes
Turn   | Place    | Note
-------+----------+-------------------------------------------
     0 | D:1      | kuniqs the Gnoll Summoner began the quest for the Orb.
     0 | D:1      | Reached XP level 1. HP: 13/13 MP: 6/6
   135 | D:1      | Reached XP level 2. HP: 19/19 MP: 4/7
   154 | D:1      | Learned a level 2 spell: Call Imp
   528 | D:1      | Reached XP level 3. HP: 17/25 MP: 2/9
   553 | D:1      | Reached skill level 5 in Spellcasting
   630 | D:2      | Learned a level 3 spell: Call Canine Familiar
   778 | D:2      | Reached skill level 1 in Invocations
  1092 | D:2      | Reached skill level 1 in Fighting
  1092 | D:2      | Reached skill level 1 in Short Blades
  1092 | D:2      | Reached skill level 1 in Long Blades
  1092 | D:2      | Reached skill level 1 in Axes
  1092 | D:2      | Reached skill level 1 in Maces & Flails
  1092 | D:2      | Reached skill level 1 in Polearms
  1092 | D:2      | Reached skill level 1 in Staves
  1092 | D:2      | Reached skill level 1 in Slings
  1092 | D:2      | Reached skill level 1 in Bows
  1092 | D:2      | Reached skill level 1 in Crossbows
  1092 | D:2      | Reached skill level 1 in Throwing
  1092 | D:2      | Reached skill level 1 in Armour
  1092 | D:2      | Reached skill level 1 in Shields
  1092 | D:2      | Reached skill level 1 in Unarmed Combat
  1092 | D:2      | Reached skill level 1 in Evocations
  1092 | D:2      | Reached XP level 4. HP: 23/32 MP: 11/11
  1164 | D:2      | Found a faded altar of an unknown god.
  2055 | D:3      | Noticed Robin
  2071 | D:3      | Killed Robin
  2283 | D:3      | Reached skill level 1 in Conjurations
  2283 | D:3      | Reached skill level 1 in Hexes
  2283 | D:3      | Reached skill level 1 in Charms
  2283 | D:3      | Reached skill level 1 in Necromancy
  2283 | D:3      | Reached skill level 1 in Translocations
  2283 | D:3      | Reached skill level 1 in Transmutations
  2283 | D:3      | Reached skill level 1 in Fire Magic
  2283 | D:3      | Reached skill level 1 in Ice Magic
  2283 | D:3      | Reached skill level 1 in Air Magic
  2283 | D:3      | Reached skill level 1 in Earth Magic
  2283 | D:3      | Reached skill level 1 in Poison Magic
  2815 | D:4      | Reached XP level 5. HP: 37/37 MP: 7/12
  3124 | D:4      | Noticed a phantom
  3144 | D:4      | Killed a phantom
  3144 | D:4      | Reached XP level 6. HP: 25/44 MP: 13/13
  3217 | D:4      | Found Tarhelao's Antique Weapon Emporium.
  3438 | D:4      | Reached skill level 5 in Dodging
  3936 | D:5      | Entered Level 5 of the Dungeon
  3938 | D:5      | Found Pekytaj's Assorted Antiques.
  3940 | D:5      | Noticed an ice beast
  3953 | D:5      | Noticed Blork the orc
  3954 | D:5      | Killed an ice beast
  3983 | D:5      | Killed Blork the orc
  3983 | D:5      | Reached XP level 7. HP: 50/50 MP: 7/15
  4003 | D:5      | Bought a glowing ruby potion for 16 gold pieces
  4003 | D:5      | Bought a scroll labeled UCEODW REGIO for 18 gold pieces
  4003 | D:5      | Bought a sapphire potion for 16 gold pieces
  4003 | D:5      | Bought a scroll labeled UHIWAYMYUR for 18 gold pieces
  4003 | D:5      | Bought a fluorescent wand for 72 gold pieces
  4026 | D:5      | Learned a level 4 spell: Summon Ice Beast
  4031 | D:5      | Learned a level 4 spell: Summon Lightning Spire
  4070 | D:5      | Noticed Edmund
  4079 | D:5      | Killed Edmund
  4177 | D:5      | Noticed Pikel
  4184 | D:5      | Killed Pikel
  4184 | D:5      | Reached skill level 5 in Stealth
  4528 | D:5      | Reached XP level 8. HP: 55/57 MP: 11/16
  4812 | D:6      | Found a snail-covered altar of Cheibriados.
  5044 | D:6      | Reached skill level 6 in Spellcasting
  5121 | D:6      | Noticed Sigmund
  5169 | D:6      | Killed Sigmund
  5235 | D:6      | Found a staircase to the Ecumenical Temple.
  5268 | Temple   | Entered the Ecumenical Temple
  5410 | Temple   | Became a worshipper of Hepliaklqana the Forgotten
  6093 | D:7      | Identified the cursed +1 falchion of Urgency {slice, rC++ Dex+4} (You found it on level 7 of the Dungeon)
  6201 | D:7      | Reached * piety under Hepliaklqana
  6512 | D:7      | Reached XP level 9. HP: 58/58 MP: 18/18
  6864 | D:8      | Identified the +7 battleaxe of Judgement {protect, rPois MP+9 SInv} (You found it on level 8 of the Dungeon)
  6931 | D:8      | Found a sparkling altar of Nemelex Xobeh.
  7000 | D:8      | Noticed a two-headed ogre
  7011 | D:8      | Killed a two-headed ogre
  7257 | D:8      | Found Gehoiluw's Gadget Shoppe.
  7370 | D:8      | Found a shimmering altar of Xom.
  7371 | D:8      | Noticed a two-headed ogre
  7404 | D:8      | Killed a two-headed ogre
  7404 | D:8      | Reached skill level 5 in Invocations
  7515 | D:8      | Reached XP level 10. HP: 62/65 MP: 20/20
  7541 | D:8      | Reached skill level 7 in Spellcasting
  7613 | D:9      | Noticed a two-headed ogre
  7625 | D:9      | Killed a two-headed ogre
  7640 | D:9      | Reached ** piety under Hepliaklqana
  7641 | D:9      | Remembered your ancestor Ingiyab as a battlemage
  8036 | D:9      | Reached skill level 5 in Fighting
  8036 | D:9      | Reached skill level 5 in Short Blades
  8036 | D:9      | Reached skill level 5 in Long Blades
  8036 | D:9      | Reached skill level 5 in Axes
  8036 | D:9      | Reached skill level 5 in Maces & Flails
  8036 | D:9      | Reached skill level 5 in Polearms
  8036 | D:9      | Reached skill level 5 in Staves
  8036 | D:9      | Reached skill level 5 in Slings
  8036 | D:9      | Reached skill level 5 in Bows
  8036 | D:9      | Reached skill level 5 in Crossbows
  8036 | D:9      | Reached skill level 5 in Throwing
  8036 | D:9      | Reached skill level 5 in Armour
  8036 | D:9      | Reached skill level 5 in Shields
  8036 | D:9      | Reached skill level 5 in Unarmed Combat
  8036 | D:9      | Reached skill level 5 in Evocations
  8159 | D:10     | Entered Level 10 of the Dungeon
  8159 | D:10     | Noticed a gargoyle
  8174 | D:10     | Killed a gargoyle
  8358 | D:10     | Noticed an obsidian statue
  8360 | D:10     | Noticed a soul eater
  8469 | D:10     | Noticed Sonja
  8477 | D:10     | Noticed a two-headed ogre
  8483 | D:10     | Killed a two-headed ogre
  8491 | D:10     | Killed Sonja
  8581 | D:10     | Reached XP level 11. HP: 43/72 MP: 15/22
  9081 | D:11     | Reached skill level 5 in Conjurations
  9081 | D:11     | Reached skill level 5 in Hexes
  9081 | D:11     | Reached skill level 5 in Charms
  9081 | D:11     | Reached skill level 5 in Necromancy
  9081 | D:11     | Reached skill level 5 in Translocations
  9081 | D:11     | Reached skill level 5 in Transmutations
  9081 | D:11     | Reached skill level 5 in Fire Magic
  9081 | D:11     | Reached skill level 5 in Ice Magic
  9081 | D:11     | Reached skill level 5 in Air Magic
  9081 | D:11     | Reached skill level 5 in Earth Magic
  9081 | D:11     | Reached skill level 5 in Poison Magic
  9139 | D:11     | Found a staircase to the Orcish Mines.
  9139 | D:11     | Noticed an eight-headed hydra
  9162 | D:11     | Killed an eight-headed hydra
  9162 | D:11     | Reached skill level 8 in Spellcasting
  9369 | D:11     | Reached *** piety under Hepliaklqana
  9479 | D:11     | Found a staircase to the Lair.
  9726 | Lair:1   | Entered Level 1 of the Lair of Beasts
 10073 | Lair:1   | Learned a level 5 spell: Borgnjor's Vile Clutch
 10179 | Lair:2   | Reached XP level 12. HP: 65/80 MP: 22/24
 10376 | Lair:2   | Noticed a four-headed hydra
 10387 | Lair:2   | Killed a five-headed hydra
 10459 | Lair:2   | Found a hole to the Spider Nest.
 10491 | Lair:2   | Noticed a six-headed hydra
 10501 | Lair:2   | Killed a six-headed hydra
 10809 | Lair:2   | Reached **** piety under Hepliaklqana
 11112 | Lair:2   | Found a burning altar of Makhleb.
 11638 | Lair:3   | Found a staircase to the Shoals.
 11647 | Lair:3   | Reached skill level 9 in Spellcasting
 11791 | Lair:3   | Noticed Urug
 11824 | Lair:3   | Killed Urug
 12355 | Lair:4   | Reached XP level 13. HP: 88/88 MP: 26/26
 12554 | Lair:4   | Reached ***** piety under Hepliaklqana
 13431 | Lair:5   | Noticed Kirke
 13443 | Lair:5   | Killed Kirke
 14203 | Lair:6   | Entered Level 6 of the Lair of Beasts
 14698 | Lair:6   | Reached skill level 10 in Summonings
 14749 | Lair:6   | Paralysed by a hornet for 1 turns
 14947 | Lair:6   | Paralysed by a hornet for 1 turns
 15110 | Lair:6   | Reached skill level 10 in Spellcasting
 15197 | Lair:6   | Reached XP level 14. HP: 54/95 MP: 28/28
 15354 | Lair:6   | Found a viscous altar of Jiyva.
 15355 | Lair:6   | Found a staircase to the Slime Pits.
 15707 | Lair:6   | Reached skill level 10 in Dodging
 16027 | Orc:1    | Entered Level 1 of the Orcish Mines
 16027 | Orc:1    | Noticed an orc warlord
 16070 | D:11     | Killed an orc warlord
 16176 | Orc:1    | Found a flagged portal.
 16211 | Bailey   | Entered a bailey
 16659 | Orc:1    | Noticed an orc warlord
 16729 | Orc:1    | Killed an orc warlord
 16729 | Orc:1    | Reached skill level 10 in Stealth
 16847 | Orc:1    | Found a roughly hewn altar of Beogh.
 17108 | Orc:2    | Entered Level 2 of the Orcish Mines
 17358 | Orc:2    | Reached skill level 10 in Invocations
 17454 | Orc:2    | Noticed Erolcha
 17458 | Orc:2    | Killed Erolcha
 17741 | Orc:2    | Found Daeplua's Jewellery Emporium.
 17745 | Orc:2    | Found Jaew Hos's Assorted Antiques.
 17749 | Orc:2    | Bought a cursed amulet of inaccuracy for 28 gold pieces
 17752 | Orc:2    | Found Juaps's Magic Scroll Boutique.
 17757 | Orc:2    | Paralysed by an orc sorcerer for 6 turns
 17765 | Orc:2    | Found Yreduov's Assorted Antiques.
 17796 | Orc:2    | Bought a scroll labeled ORUHEG KELYLON for 27 gold pieces
 17805 | Orc:2    | Bought a scroll of random uselessness for 14 gold pieces
 17809 | Orc:2    | Bought a smoky green potion for 21 gold pieces
 17809 | Orc:2    | Bought a scroll labeled ORUHEG KELYLON for 24 gold pieces
 17809 | Orc:2    | Bought a torn book for 360 gold pieces
 17809 | Orc:2    | Identified Ydeynor's Papyrus of Intoxication (You bought it in a shop on level 2 of the Orcish Mines)
 18037 | Orc:2    | Found a staircase to the Elven Halls.
 18192 | D:12     | Found Ybrityot's Magic Scroll Shoppe.
 18369 | D:12     | Bought a scroll of blinking for 112 gold pieces
 18369 | D:12     | Bought a scroll of enchant armour for 112 gold pieces
 18504 | D:12     | Got a scorched wooden ring
 18509 | D:12     | Found Rerot's General Store.
 18519 | D:12     | Noticed Snorg
 18542 | D:12     | Killed Snorg
 18689 | D:12     | Found Orghuc's Antique Weapon Boutique.
 18700 | D:12     | Found Bunal's Antique Armour Emporium.
 18703 | D:12     | Bought an embroidered robe for 99 gold pieces
 18723 | D:12     | Identified the ring of Yzoyt {Wiz rElec rC- Int+8} (You took it off an orc on level 12 of the Dungeon)
 18852 | D:13     | Reached XP level 15. HP: 102/102 MP: 29/29
 19668 | D:13     | Found a gate to the Vaults.
 19895 | D:13     | Reached ****** piety under Hepliaklqana
 20230 | D:13     | Reached skill level 11 in Spellcasting
 20540 | D:14     | Learned a level 6 spell: Shadow Creatures
 20746 | D:14     | Found Bethudde's Jewellery Boutique.
 20755 | D:14     | Bought an uncursed amulet of regeneration for 420 gold pieces
 20809 | D:14     | Noticed Azrael
 20820 | D:14     | Slain by a hell hound

Vault maps used:
D:1:      nzn_arrival_water_spiral, serial_bayou_pond_d,
          kennysheep_decorative_pillar
D:2:      first_ration, chequers_ecumenical_altar_grove
D:3:      minmay_liquid_box, minmay_shallow_snake_nest, uniq_robin
D:4:      serial_shops, shop, minmay_misc_feat_columns, minmay_checkerbox
D:5:      serial_shops, shop_fountains, grunt_decor_one_mirror, uniq_edmund,
          uniq_blork_the_orc, uniq_pikel
D:6:      minmay_temple_entry_glass, kennysheep_slug_shrine, uniq_sigmund
D:7:      the_bakery
D:8:      serial_shops, kennysheep_mini_moat, hangedman_feature_mirror,
          hangedman_abyss_or_decor_slice, glass_columns_b
D:10:     minivault_16, uniq_sonja
D:11:     erik_lair_island, david_orc_3, kennysheep_windowed_goal
D:12:     serial_shops, nicolae_shop_overgrown_old_shop, shop, shop,
          kennysheep_mini, uniq_snorg
D:13:     grunt_vaults_entry_tiered
D:14:     serial_shops, kennysheep_little_box, uniq_azrael
Temple:   roderic_octagonal_lattice_temple
Lair:2:   spider_nest_entry_webs, lemuel_centaur_altar
Lair:3:   minmay_shoals_entry_beasts, grunt_forest_stairs_clearing, uniq_urug
Lair:4:   enter_volcano_2, grunt_megastairs_1
Lair:5:   serial_bayou_crossing, uniq_kirke
Lair:6:   minmay_lair_end_enchanted_forest, dpeg_slime_entry_enclosed_altar,
          kilobyte_rumbling_trees
Orc:1:    basic_altar, lightli_bailey_entry_fortress
Orc:2:    st_orc_elflike, uniq_erolcha
Bailey:   bailey_polearm_2, bailey

Skill      XL: |  1  2  3  4  5  6  7  8  9 10 11 12 13 14 15 |
---------------+----------------------------------------------+-----
Spellcasting   | 5 6 7 8 9 10 11 | 11.0
Invocations    | 1 2 3 4 5 6 7 8 9 10 | 10.7
Fighting       | 1 2 3 4 5 6 7 8 9 |  9.9
Short Blades   | 1 2 3 4 5 6 7 8 9 |  9.9
Long Blades    | 1 2 3 4 5 6 7 8 9 |  9.9
Axes           | 1 2 3 4 5 6 7 8 9 |  9.9
Maces & Flails | 1 2 3 4 5 6 7 8 9 |  9.9
Polearms       | 1 2 3 4 5 6 7 8 9 |  9.9
Staves         | 1 2 3 4 5 6 7 8 9 |  9.9
Slings         | 1 2 3 4 5 6 7 8 9 |  9.9
Bows           | 1 2 3 4 5 6 7 8 9 |  9.9
Crossbows      | 1 2 3 4 5 6 7 8 9 |  9.9
Throwing       | 1 2 3 4 5 6 7 8 9 |  9.9
Armour         | 1 2 3 4 5 6 7 8 9 |  9.9
Shields        | 1 2 3 4 5 6 7 8 9 |  9.9
Unarmed Combat | 1 2 3 4 5 6 7 8 9 |  9.9
Evocations     | 1 2 3 4 5 6 7 8 9 |  9.9
Conjurations   | 1 2 3 4 5 6 7 8 |  8.3
Hexes          | 1 2 3 4 5 6 7 8 |  8.3
Charms         | 1 2 3 4 5 6 7 8 |  8.3
Necromancy     | 1 2 3 4 5 6 7 8 |  8.3
Translocations | 1 2 3 4 5 6 7 8 |  8.3
Transmutations | 1 2 3 4 5 6 7 8 |  8.3
Fire Magic     | 1 2 3 4 5 6 7 8 |  8.3
Ice Magic      | 1 2 3 4 5 6 7 8 |  8.3
Air Magic      | 1 2 3 4 5 6 7 8 |  8.3
Earth Magic    | 1 2 3 4 5 6 7 8 |  8.3
Poison Magic   | 1 2 3 4 5 6 7 8 |  8.3
Dodging        | 5 6 7 8 9 10 | 10.9
Stealth        | 5 6 7 8 9 10 | 10.7
Summonings     | 8 9 10 | 10.9

Action                   |  1- 3 |  4- 6 |  7- 9 | 10-12 | 13-15 || total
-------------------------+-------+-------+-------+-------+-------++-------
Melee: Unarmed           |    40 |    33 |       |       |       ||    73
       Bite              |     4 |     2 |     5 |    24 |    67 ||   102
       Falchion          |       |       |    30 |       |       ||    30
       Punch             |       |       |     1 |       |       ||     1
       Battleaxe         |       |       |    24 |   291 |   549 ||   864
 Fire: Hunting sling     |       |    96 |   100 |       |       ||   196
 Cast: Summon Small Mamm |    12 |       |       |       |       ||    12
       Call Imp          |     8 |    14 |     1 |       |       ||    23
       Call Canine Famil |     5 |    13 |    11 |     8 |    11 ||    48
       Summon Ice Beast  |       |       |    30 |    59 |   128 ||   217
       Summon Lightning  |       |       |     3 |     4 |     3 ||    10
       Borgnjor's Vile C |       |       |       |     2 |    18 ||    20
       Shadow Creatures  |       |       |       |       |     2 ||     2
Invok: Recall Ancestor   |       |       |       |     4 |       ||     4
       Ancestor Life: Ba |       |       |       |     1 |       ||     1
       Idealise          |       |       |       |       |     2 ||     2
Evoke: Wand              |       |       |       |     5 |    15 ||    20
  Use: Scroll            |     2 |       |     3 |     5 |     3 ||    13
       Potion            |       |       |       |     6 |     2 ||     8
 Stab: Sleeping          |     4 |     2 |     3 |    19 |    19 ||    47
       Distracted        |       |       |       |    11 |    14 ||    25
  Eat: Chunk             |     1 |     9 |    16 |    20 |    32 ||    78
       Ration            |       |       |       |       |     1 ||     1
Armor: Robe              |    17 |    15 |    31 |    49 |    16 ||   128
       Troll leather arm |       |       |       |    93 |   218 ||   311
Dodge: Dodged            |    52 |   104 |   116 |   450 |   674 ||  1396
Block: Other             |       |       |       |       |    61 ||    61
       Reflection        |       |       |       |       |     6 ||     6
       Rpst.: Falchion   |       |       |    17 |       |       ||    17

Table legend:
 A = Spawn XP
 B = Non-spawn XP
 C = Spawn XP percentage of total XP
 D = Spawn monster count
 E = Non-spawn monster count
 F = Spawn count percentage of total count
 G = Total turns spent on level
                    A         B        C        D         E        F      G
               +---------+---------+-------+---------+---------+-------+---------
         Total |       0 |  106559 |   0.0 |       0 |     789 |   0.0 | 20820
               +---------+---------+-------+---------+---------+-------+---------
           D:1 |       0 |      40 |   0.0 |       0 |      33 |   0.0 |   622
           D:2 |       0 |      54 |   0.0 |       0 |      30 |   0.0 |   984
           D:3 |       0 |      59 |   0.0 |       0 |      36 |   0.0 |  1300
           D:4 |       0 |     354 |   0.0 |       0 |      27 |   0.0 |  1030
           D:5 |       0 |     765 |   0.0 |       0 |      21 |   0.0 |   850
           D:6 |       0 |     849 |   0.0 |       0 |      29 |   0.0 |  1139
           D:7 |       0 |     393 |   0.0 |       0 |       6 |   0.0 |   526
           D:8 |       0 |    2243 |   0.0 |       0 |      30 |   0.0 |  1001
           D:9 |       0 |    1107 |   0.0 |       0 |      19 |   0.0 |   581
          D:10 |       0 |    3506 |   0.0 |       0 |      31 |   0.0 |   591
          D:11 |       0 |    7277 |   0.0 |       0 |      73 |   0.0 |  1178
          D:12 |       0 |    7407 |   0.0 |       0 |      33 |   0.0 |   728
          D:13 |       0 |   16648 |   0.0 |       0 |      74 |   0.0 |  1352
          D:14 |       0 |    3805 |   0.0 |       0 |      24 |   0.0 |   467
        Lair:1 |       0 |    3205 |   0.0 |       0 |      20 |   0.0 |   463
        Lair:2 |       0 |    5360 |   0.0 |       0 |      26 |   0.0 |  1330
        Lair:3 |       0 |    5839 |   0.0 |       0 |      26 |   0.0 |   786
        Lair:4 |       0 |    6928 |   0.0 |       0 |      31 |   0.0 |  1052
        Lair:5 |       0 |    3825 |   0.0 |       0 |      14 |   0.0 |  1059
        Lair:6 |       0 |   20529 |   0.0 |       0 |      92 |   0.0 |  1589
         Orc:1 |       0 |    5888 |   0.0 |       0 |      62 |   0.0 |   914
         Orc:2 |       0 |    8770 |   0.0 |       0 |      35 |   0.0 |   875
        Bailey |       0 |    1708 |   0.0 |       0 |      17 |   0.0 |   242
               +---------+---------+-------+---------+---------+-------+---------
